 Dungeon Crawl Stone Soup version 0.28-a0-1087-gf3fc490d9d (webtiles) character file.

Game seed: 14548486586639180665

63 tkbsonic5 the Poker (level 3, -1/34 HPs)
             Began as a Minotaur Monk on Dec 10, 2021.
             Slain by a goblin (5 damage)
             ... led by Robin
             ... on level 4 of the Dungeon.
             The game lasted 00:02:10 (874 turns).

tkbsonic5 the Poker (Minotaur Monk)                  Turns: 874, Time: 00:02:10

Health: -1/34      AC:  5    Str: 17    XL:     3   Next: 87%
Magic:  2/2        EV: 11    Int:  7    God:
Gold:   42         SH:  0    Dex: 12    Spells: 2/2 levels left

rFire   . . .      SeeInvis .   a - +0 spear
rCold   . . .      Faith    .   (no shield)
rNeg    . . .      Spirit   .   j - +0 ring mail
rPois   .          Reflect  .   (helmet restricted)
rElec   .          Harm     .   (no cloak)
rCorr   .          Rampage  .   (no gloves)
Will    .....                   (no boots)
Stlth   +.........              (no amulet)
HPRegen 0.11/turn               (no ring)
MPRegen 0.08/turn               (no ring)

@: no status effects
A: horns 2, retaliatory headbutt
a: no special abilities


You were on level 4 of the Dungeon.
You visited 1 branch of the dungeon, and saw 3 of its levels.

You collected 42 gold pieces.

Inventory:

Hand Weapons
 a - a +0 spear (weapon)
Armour
 b - a +0 robe
 j - a +0 ring mail (worn)
Jewellery
 i - a +6 ring of intelligence
Scrolls
 c - a scroll of blinking {unknown}
 e - 3 scrolls of fear {unknown}
 f - a scroll of identify {unknown}
 g - a scroll of amnesia {unknown}
 h - a scroll of teleportation {unknown}
Potions
 d - 3 potions of degeneration {unknown}


   Skills:
 * Level 4.3 Fighting
 * Level 4.4 Polearms
 * Level 2.1 Armour
 + Level 3.5 Dodging
 - Level 1.5 Stealth


You had 2 spell levels left.
You didn't know any spells.
Your spell library was empty.

Dungeon Overview and Level Annotations

Branches:
Dungeon (2/15)

Altars:

Shops:
D:1 ?

Annotations:
D:4 Robin


Innate Abilities, Weirdness & Mutations

You have a pair of horns on your head.
You reflexively headbutt those who attack you in melee.


Message History

Robin throws the goblin at you! The goblin barely misses you.
The hobgoblin hits you.
You closely miss the hobgoblin.
The hobgoblin is severely wounded.
A goblin comes into view. It is wielding a +0 dagger.
The goblin hits you with a +0 dagger. The hobgoblin misses you.
You hit the hobgoblin but do no damage.
The hobgoblin is severely wounded.
The goblin closely misses you. The hobgoblin barely misses you.
You furiously retaliate!
You headbutt the hobgoblin. You hit the goblin but do no damage.
The goblin hits you with a +0 dagger.
You hit the goblin.
You kill the goblin!
The hobgoblin hits you.
Robin roars a battlecry!
The goblins go into a battle-frenzy!
Items here: ( )) †.
Robin throws the goblin at you!
You hit the goblin.
The goblin is moderately wounded.
The goblin barely misses you. The hobgoblin closely misses you.
You closely miss the goblin. Your headbutt misses the goblin.
The goblin is moderately wounded.
The goblin hits you with a +0 dagger. The hobgoblin hits you.
Robin throws the goblin at you! The goblin hits you with a +0 dagger.
* * * LOW HITPOINT WARNING * * *
The goblin hits you with a +0 dagger.
* * * LOW HITPOINT WARNING * * *
Robin roars a battlecry!
The goblin hits you but does no damage. The goblin hits you with a +0 dagger.
* * * LOW HITPOINT WARNING * * *
The goblin hits you but does no damage.
The goblin no longer looks unusually strong.
Found a leather armour.
Robin says, "My army is invincible!"
Robin roars a battlecry!
The goblin goes into a battle-frenzy!
The hobgoblin no longer looks unusually strong.
The goblin hits you with a +0 dagger.
You die...

.. # ##.## ###.
#.##...# ..[ ...... #..
#)..# ######.######
####.##
.......>....#####......
#gg..g.g)...)##)..
#g####.#####.##### #@#
#.# #......
####.####.#####.#####
#................
#.#######........ #.#
#######... #.# #### #.#
#.# #.#


You could see a hobgoblin and 2 goblins.

Vanquished Creatures
  A hound skeleton (D:4)
  A dart slug (D:1)
  3 ball pythons (D:1)
  2 bats (D:1)
  4 endoplasms (D:1)
  2 giant cockroaches (D:1)
  10 goblins
  3 hobgoblins (D:1)
  5 jackals (D:1)
  2 kobolds (D:1)
  4 quokkas (D:1)
  A frilled lizard (D:1)
  3 rats (D:1)
41 creatures vanquished.

Notes
Turn   | Place    | Note
-------+----------+-------------------------------------------
     0 | D:1      | tkbsonic5 the Minotaur Monk began the quest for the Orb.
     0 | D:1      | Reached XP level 1. HP: 19/19 MP: 0/0
    26 | D:1      | Reached skill level 1 in Armour
    26 | D:1      | Reached XP level 2. HP: 20/27 MP: 1/1
   359 | D:1      | Found Jesih's Magic Scroll Shop.
   363 | D:1      | Reached XP level 3. HP: 33/33 MP: 2/2
   795 | D:2      | You fall into a shaft and drop 2 floors!
   837 | D:4      | Noticed Robin
   874 | D:4      | Slain by a goblin

Illustrated notes

Levels and vault maps discovered:
D:1:      lightli_arrival_statue_moat, layout_basic, serial_shops, shop,
          st_stairs_7
D:2:      minmay_razor_zed, layout_rooms, serial_bayou_lagoon_a,
          minmay_split_cup_large
D:4:      layout_loops_ring, uniq_duvessa, uniq_robin, uniq_pikel

Skill      XL: |  1  2  3 |
---------------+----------+-----
Armour         | 1 2 |  2.1
Polearms       | 4 |  4.4
Fighting       | 4 |  4.3
Dodging        | |  3.5
Stealth        | |  1.5

Action                   || total
-------------------------++-------
Melee: Spear             ||   114
       Headbutt          ||    15
 Stab: Sleeping          ||     1
Armor: Robe              ||    18
       Ring mail         ||    13
Dodge: Dodged            ||    68

Table legend: (Time is in decaauts)
 A = Elapsed time spent in this place.
 B = Non-inter-level travel time spent in this place.
 C = Inter-level travel time spent in this place.
 D = Time resting spent in this place.
 E = Time spent auto-exploring this place.
 F = Levels seen in this place.
 G = Mean time per level.
                   A        B        C        D        E       F      G
               +--------+--------+--------+--------+--------+-----+--------+
         Total |    861 |    829 |     32 |     83 |    536 |   3 |  287.0 |
       Dungeon |    861 |    829 |     32 |     83 |    536 |   3 |  287.0 |
               +--------+--------+--------+--------+--------+-----+--------+

Top non-repeatable levels by time:
     D:1: 774 daAuts
     D:4: 75 daAuts
     D:2: 11 daAuts
